 Dungeon Crawl Stone Soup version 0.21-a0-440-g28109cb (webtiles) character file.

606 nikopol the Magician (level 7, 0/36 HPs)
             Began as a Deep Elf Fire Elementalist on Nov 10, 2017.
             Killed from afar by nikopol's ghost (12 damage)
             ... with a flame tongue
             ... on level 5 of the Dungeon.
             The game lasted 00:14:44 (4366 turns).

nikopol the Magician (Deep Elf Fire Elementalist)   Turns: 4366, Time: 00:14:45

Health: 0/36       AC:  3    Str:  5    XL:     7   Next: 19%
Magic:  11/18      EV: 13    Int: 22    God:
Gold:   225        SH:  0    Dex: 15    Spells: 7/18 levels left

rFire    . . .     SeeInvis .   C - +2 dagger (freeze)
rCold    . . .     Gourm    .   (no shield)
rNeg     . . .     Faith    .   a - +0 robe
rPois    .         Spirit   .   (no helmet)
rElec    .         Reflect  .   (no cloak)
rCorr    .         Harm     .   i - +0 pair of gloves
MR       .....                  (no boots)
Stlth    ++........             (no amulet)
HPRegen  0.12/turn              (no ring)
MPRegen  0.16/turn              (no ring)

@: no status effects
A: no striking features
a: no special abilities


You were on level 5 of the Dungeon.
You were hungry.

You visited 1 branch of the dungeon, and saw 5 of its levels.

You collected 225 gold pieces.

Inventory:

Hand Weapons
 g - a +0 dagger
 C - a +2 dagger of freezing (weapon)
Armour
 a - a +0 robe (worn)
 i - a +0 pair of gloves (worn)
Jewellery
 o - an uncursed ring of fire {unknown}
 p - a +3 ring of evasion {unknown}
 y - an uncursed ring of protection from magic {unknown}
 z - a +5 ring of intelligence {unknown}
Wands
 E - a wand of iceblast (10/15)
Scrolls
 e - 3 scrolls of remove curse {unknown}
 h - a scroll of magic mapping {unknown}
 n - a scroll of enchant weapon {unknown}
 t - 3 scrolls of identify {unknown}
 u - a scroll of noise {unknown}
 v - a scroll of blinking {unknown}
 w - a scroll of fog {unknown}
 x - a scroll of immolation {unknown}
 B - a scroll of teleportation {unknown}
 D - a scroll of amnesia {unknown}
Potions
 j - a potion of invisibility {unknown}
 l - 2 potions of agility {unknown}
 m - 3 potions of degeneration {unknown}
 q - a potion of curing {unknown}
 r - a potion of brilliance {unknown}
 s - 4 potions of lignification {unknown}
 A - a potion of flight {unknown}
Books
 b - a book of Flames

   Spells                             Type                      Level
   a - Flame Tongue                   Conjuration/Fire             1
   b - Throw Flame                    Conjuration/Fire             2
   c - Conjure Flame                  Conjuration/Fire             3
   d - Inner Flame                    Hexes/Fire                   3
   e - Sticky Flame                   Conjuration/Fire             4
   f - Fireball                       Conjuration/Fire             5
Comestibles
 c - 3 bread rations
 d - 5 meat rations
 f - 3 fruits
 k - 3 royal jellies


   Skills:
 + Level 0.2 Fighting
 + Level 3.0 Dodging
 + Level 3.1 Stealth
 + Level 6.3 Spellcasting
 + Level 4.0 Conjurations
 + Level 6.1 Fire Magic


You had 7 spell levels left.
You knew the following spells:

 Your Spells              Type           Power        Failure   Level  Hunger
a - Flame Tongue          Conj/Fire      ####.        1%          1    None
b - Throw Flame           Conj/Fire      ####..       1%          2    None
c - Conjure Flame         Conj/Fire      ####....     3%          3    #......
d - Fireball              Conj/Fire      ####......   30%         5    #####..


Dungeon Overview and Level Annotations

Branches:
Dungeon (5/15)
 Temple: D:4-7

Altars:
Cheibriados
Elyvilon
Gozag

Annotations:
D:5 nikopol's ghost, novice DEFE


Message History

The flame tongue hits nikopol's ghost.
Nikopol's ghost is burned terribly!
Nikopol's ghost is severely damaged.
Nikopol's ghost casts a spell at you. The puff of flame hits you!
Casting: Flame Tongue
Confirm with . or Enter, or press ? or * to list all spells.
Aiming: Flame Tongue
Press: ? - help, Shift-Dir - straight line, f/p - nikopol's ghost
Aim: nikopol's ghost, wielding a weapon of venom (severely damaged)
The flame tongue hits nikopol's ghost.
Nikopol's ghost appears unharmed.
Nikopol's ghost is severely damaged.
Casting: Flame Tongue
Confirm with . or Enter, or press ? or * to list all spells.
Aiming: Flame Tongue
Press: ? - help, Shift-Dir - straight line, f/p - nikopol's ghost
Aim: nikopol's ghost, wielding a weapon of venom (severely damaged)
The flame tongue misses nikopol's ghost.
Nikopol's ghost gestures at you while chanting.
The flame tongue hits you!
You die...

... #.. #.. ... #..)
#..##.## ##...
#....... ....#
#......) ..W
........
#ยง############.....
#.@................
######.#...........
#.#.........#.
###'#......##.#.
#....###'####.#.
#....###....#.#.
#...........#.#.
#...........#.#.
#...........#.#.


You could see nikopol's ghost.

Vanquished Creatures
  The ghost of tof the Slasher, an amateur DsBe of Trog (D:4)
  A phantom (D:4)
  4 orc priests (D:3)
  An orc wizard (D:3)
  A worker ant (D:4)
  A hound skeleton (D:4)
  7 adders
  3 oozes
  A worm (D:4)
  A dart slug (D:2)
  6 leopard geckos
  9 orcs (D:3)
  8 bats
  3 giant cockroaches
  13 goblins
  10 hobgoblins
  13 jackals
  9 kobolds
  3 quokkas
  7 frilled lizards
  A leopard gecko skeleton (D:4)
  12 rats
115 creatures vanquished.

Notes
Turn   | Place    | Note
-------+----------+-------------------------------------------
     0 | D:1      | nikopol the Deep Elf Fire Elementalist began the quest for the Orb.
     0 | D:1      | Reached XP level 1. HP: 10/10 MP: 6/6
   116 | D:1      | Reached XP level 2. HP: 15/15 MP: 2/8
   591 | D:1      | Reached XP level 3. HP: 19/19 MP: 7/10
  1561 | D:2      | Found a white marble altar of Elyvilon.
  1604 | D:2      | Found a snail-covered altar of Cheibriados.
  1681 | D:2      | Reached XP level 4. HP: 24/24 MP: 9/12
  1693 | D:2      | Found a faded altar of an unknown god.
  1825 | D:2      | Learned a level 2 spell: Throw Flame
  1829 | D:2      | Learned a level 3 spell: Conjure Flame
  1906 | D:2      | Found an opulent altar of Gozag.
  2168 | D:3      | Reached XP level 5. HP: 28/28 MP: 1/13
  2345 | D:3      | Reached skill level 5 in Fire Magic
  2755 | D:3      | Reached XP level 6. HP: 14/32 MP: 7/15
  3368 | D:4      | Learned a level 5 spell: Fireball
  3392 | D:4      | Noticed tof's ghost (amateur DsBe)
  3512 | D:4      | Reached skill level 5 in Spellcasting
  3760 | D:4      | Killed tof's ghost
  3905 | D:4      | Reached XP level 7. HP: 30/36 MP: 9/18
  4318 | D:5      | Entered Level 5 of the Dungeon
  4360 | D:5      | Noticed nikopol's ghost (novice DEFE)
  4366 | D:5      | Killed from afar by nikopol's ghost

Vault maps used:
D:1:      dpeg_arrival_prison, wad_floor_pattern_1, minmay_misc_feat_room
D:2:      lemuel_round_altar, cheibriados_altar_1, first_bread,
          serial_corexii_hall, corexii_hall_statues_i, corexii_hall_statues_x,
          chequers_ecumenical_altar_simple, grunt_gozag_statues
D:4:      minmay_goblin_kobold_house
D:5:      zin_angel, minmay_temple_entry_from_below_a, basic_altar, uniq_sigmund

Skill      XL: |  1  2  3  4  5  6 |
---------------+-------------------+-----
Fire Magic     | 4 5 6 |  6.1
Spellcasting   | 4 6 |  6.3
Conjurations   | 2 3 4 |  4.0
Stealth        | 3 |  3.1
Dodging        | 3 |  3.0
Fighting       | |  0.2

Action                   |  1- 3 |  4- 6 |  7- 9 || total
-------------------------+-------+-------+-------++-------
Melee: Dagger            |     7 |     5 |       ||    12
 Cast: Flame Tongue      |    80 |   117 |    23 ||   220
       Throw Flame       |       |    10 |       ||    10
       Conjure Flame     |       |     1 |     2 ||     3
       Fireball          |       |       |     1 ||     1
  Eat: Chunk             |     2 |     6 |     2 ||    10
Armor: Robe              |     5 |     5 |       ||    10
Dodge: Dodged            |    19 |    25 |       ||    44

Table legend:
 A = Spawn XP
 B = Non-spawn XP
 C = Spawn XP percentage of total XP
 D = Spawn monster count
 E = Non-spawn monster count
 F = Spawn count percentage of total count
 G = Total turns spent on level
                    A         B        C        D         E        F      G
               +---------+---------+-------+---------+---------+-------+---------
         Total |       0 |     867 |   0.0 |       0 |     115 |   0.0 |  4366
               +---------+---------+-------+---------+---------+-------+---------
           D:1 |       0 |      57 |   0.0 |       0 |      30 |   0.0 |  1299
           D:2 |       0 |      62 |   0.0 |       0 |      18 |   0.0 |   652
           D:3 |       0 |     292 |   0.0 |       0 |      42 |   0.0 |  1511
           D:4 |       0 |     456 |   0.0 |       0 |      25 |   0.0 |   856
               +---------+---------+-------+---------+---------+-------+---------
